 Dungeon Crawl Stone Soup version 0.30.0-29-ga12c61a403 (webtiles) character file.

Game seed: 8474199959539018002

82460 Gorgondantess the Ripper (level 15, -5/70 HPs)
             Began as a Felid Warper on June 18, 2023.
             Was a High Priest of Sif Muna.
             Killed from afar by a yellow draconian (14 damage)
             ... with a glob of acid
             ... on level 6 of the Abyss on June 19, 2023.
             The game lasted 02:51:49 (45486 turns).

Gorgondantess the Ripper (Felid Warper)            Turns: 45486, Time: 02:51:50

Health: -5/70      AC: -3    Str:  7    XL:     15   Next: 29%
Magic:  0/31       EV: 30    Int: 25    God:    Sif Muna [*****.]
Gold:   2136       SH:  0    Dex: 16    Spells: 0/36 levels left
                                        Lives:  0   Deaths: 3

rFire   + .          .
                       - Unarmed
rCold   . . .        (shield unavailable)
rNeg    . . .        (body armour unavailable)
rPois   .            (helmet unavailable)
rElec   .            (cloak unavailable)
rCorr   .            (gloves unavailable)
SInv    +            (boots unavailable)
Will    ++...        y - amulet of Igoytz {Spirit Drain Regen+ Int+3}
Stlth   +++++        r - ring of fire
HPRegen 1.11/turn    O - +5 ring of evasion
MPRegen 0.22/turn

%: guardian spirit
@: corroded, quick
A: very small, claws 1, fangs 3, see invisible, speed 1, shaggy fur 3, stealthy
paws, no weapons or thrown items, no armour, multi-lived, horns 1, iridescent
scales 1, no potion heal 1
a: Renounce Religion, Channel Magic, Forget Spell, Divine Exegesis


You were on level 6 of the Abyss.
You worshipped Sif Muna.
Sif Muna was extremely pleased with you.
You visited 7 branches of the dungeon, and saw 27 of its levels.
You visited the Abyss 1 time.
You also visited: Bailey, Gauntlet and Volcano.

You collected 2682 gold pieces.
You spent 546 gold pieces at shops.

Inventory:

Jewellery
 d - a ring of protection from cold
 n - a ring of resist corrosion
 r - a ring of fire (left paw)
 x - a ring of protection from cold
 y - the amulet of Igoytz (around neck) {Spirit Drain Regen+ Int+3}
   (You took it off an orc warrior in a bailey)

   [amulet of guardian spirit]

   It causes incoming damage to be divided between your reserves of health and
   magic.
   Int:       It affects your intelligence (+3).
   Regen:     It increases your rate of health regeneration.
   Drain:     It drains your maximum health when unequipped.
 z - a ring of magical power
 D - a ring of poison resistance
 G - a +6 ring of intelligence
 H - an amulet of regeneration
 K - a +6 ring of dexterity
 M - a ring of flight
 O - a +5 ring of evasion (right paw)
 T - a ring of wizardry
Wands
 h - a wand of charming (16)
 m - a wand of digging (10)
 u - a wand of flame (34)
 C - a wand of mindburst (37)
 I - a wand of light (7)
 L - a wand of iceblast (3)
 P - a wand of polymorph (8)
Scrolls
 c - 7 scrolls of fear
 k - 2 scrolls of magic mapping
 l - 3 scrolls of amnesia
 o - 9 scrolls of teleportation
 p - a scroll of vulnerability
 s - a scroll of acquirement
 t - a scroll of fog
 A - 3 scrolls of poison
 R - a scroll of blinking
Potions
 a - 3 potions of flight {unknown}
 b - 2 potions of cancellation
 e - 6 potions of curing
 f - a potion of resistance
 g - 2 potions of magic
 j - 3 potions of heal wounds
 q - a potion of haste
 v - 4 potions of might
 w - 4 potions of brilliance
 B - 2 potions of mutation
 E - 4 potions of lignification {unknown}
 F - 3 potions of attraction {unknown}
 J - a potion of ambrosia {unknown}
 S - a potion of berserk rage {unknown}
Miscellaneous
 i - a piece from Xom's chessboard (15/15)
 N - a lightning rod (4/4)


   Skills:
 + Level 10.6 Fighting
 + Level 12.2 Dodging
 + Level 12.3 Stealth
 + Level 15.2 Unarmed Combat
 - Level 11.0 Spellcasting
 + Level 4.5 Conjurations
 + Level 10.1 Hexes
 + Level 8.8 Summonings
 + Level 11.8 Translocations
 + Level 7.9 Transmutations
 - Level 1.8 Fire Magic
 + Level 6.3 Air Magic
 - Level 1.0 Earth Magic
 - Level 1.0 Poison Magic
 + Level 7.9 Invocations
 + Level 3.5 Evocations


You couldn't memorise any spells.
You knew the following spells:

 Your Spells              Type           Power      Damage    Failure   Level
a - Blink                 Tloc           100%       N/A       1%          2
b - Vhi's Electric Charg  Tloc/Air       100%       N/A       1%          3
c - Mephitic Cloud        Conj/Pois/Air  33%        N/A       2%          3
d - Volatile Blastmotes   Fire/Tloc      100%       2d18      1%          3
e - Poisonous Vapours     Pois/Air       64%        N/A       1%          2
f - Iskenderun's Mystic   Conj/Tloc      53%        2d11      1%          4
g - Summon Mana Viper     Hex/Summ       57%        N/A       2%          5
h - Passwall              Tmut/Erth      30%        N/A       1%          2
i - Summon Lightning Spi  Summ/Air       51%        N/A       1%          4
j - Swiftness             Air            45%        N/A       1%          3
k - Blade Hands           Tmut           26%        N/A       4%          5

Your spell library contained the following spells:

 Spells                   Type           Power      Damage    Failure   Level
 Shock                    Conj/Air       100%       1d9       1%          1
 Slow                     Hex            100%       N/A       1%          1
 Lesser Beckoning         Tloc           100%       N/A       1%          2
 Searing Ray              Conj           72%        2d7       1%          2
 Call Canine Familiar     Summ           55%        N/A       1%          3
 Dazzling Flash           Conj/Hex       100%       N/A       1%          3
 Inner Flame              Hex/Fire       60%        N/A       1%          3
 Summon Guardian Golem    Hex/Summ       57%        N/A       1%          3
 Teleport Other           Tloc           64%        N/A       1%          3
 Tukima's Dance           Hex            59%        N/A       1%          3
 Cause Fear               Hex            29%        N/A       1%          4
 Manifold Assault         Tloc           64%        N/A       1%          4
 Passage of Golubria      Tloc           64%        N/A       1%          4
 Cigotuvi's Dreadful Rot  Necr/Pois/Air  50%        N/A       2%          2
 Spider Form              Tmut/Pois      36%        N/A       2%          3
 Fulminant Prism          Conj/Hex       25%        3d13      2%          4
 Sandblast                Erth           38%        2d10      3%          1
 Airstrike                Air            22%        2d(4-20)  3%          4
 Yara's Violent Unravell  Hex/Tmut       28%        3d12      3%          5
 Stone Arrow              Conj/Erth      54%        3d10      4%          3
 Leda's Liquefaction      Hex/Erth       20%        N/A       4%          4
 Silence                  Hex/Air        26%        N/A       4%          5
 Sublimation of Blood     Necr           13%        N/A       7%          2
 Petrify                  Tmut/Erth      36%        N/A       7%          4
 Irradiate                Conj/Tmut      22%        3d19      10%         5
 Flame Wave               Conj/Fire      44%        2d11      12%         4
 Sticky Flame             Conj/Fire      44%        2d6       12%         4
 Arcjolt                  Conj/Air       20%        1d30      13%         5
 Alistair's Intoxication  Tmut/Pois      24%        N/A       21%         5
 Freezing Cloud           Conj/Ice/Air   15%        6-21      28%         5
 Malign Gateway           Summ/Tloc      30%        N/A       50%         7
 Lee's Rapid Deconstruct  Erth           9%         3d7*      63%         5
 Borgnjor's Vile Clutch   Necr/Erth      8%         N/A       69%         5
 Summon Hydra             Summ           27%        N/A       71%         7
 Eringya's Noxious Bog    Tmut/Pois      18%        N/A       73%         6
 Agony                    Necr           13%        N/A       77%         5
 Plasma Beam              Fire/Air       25%        2x1d41    77%         6
 Iron Shot                Conj/Erth      13%        9d3       91%         6
 Lehudib's Crystal Spear  Conj/Erth      13%        10d5      100%        8
 Maxwell's Capacitive Co  Air            22%        ∞         100%        8
 Summon Horrible Things   Summ           27%        N/A       100%        8
 Portal Projectile        Hex/Tloc       Unusable   N/A       N/A         3
 Animate Armour           Summ/Erth      Unusable   N/A       N/A         4

Dungeon Overview and Level Annotations

Branches:
Dungeon (15/15)            Temple (1/1) D:5            Lair (5/5) D:9
 Shoals (1/4) Lair:3        Snake (2/4) Lair:3        Slime (0/5) Lair:4
    Orc (2/2) D:11            Elf (1/3) Orc:2        Vaults (0/5) D:13
 Bailey (visited)         Volcano (visited)         Gauntlet (visited)
 Depths: D:15

Altars:
Ashenzari
Cheibriados
Dithmenos
Elyvilon
Fedhas
Gozag
Hepliaklqana
Kikubaaqudgha
Makhleb
Nemelex Xobeh
Okawaru
Qazlal
Ru
Sif Muna
Trog
Uskayaw
Vehumet
Wu Jian
Xom
Yredelemnul
Zin
The Shining One
Jiyva

Shops:
Orc:2 *:[(   Elf:1 =   Snake:2 (

Portals:
Trove: D:14 (give 2 scrolls of acquirement)

Annotations:
D:15 Louise


Innate Abilities, Weirdness & Mutations

You have sharp claws.
You have razor-sharp teeth.
You have supernaturally acute eyesight. (SInv)
You cover ground quickly. (Speed+)
Your thick and shaggy fur keeps you warm. (AC +3, rC+)
Your paws help you pounce on unaware monsters.
You are incapable of wielding weapons or throwing items.
You cannot wear armour.
You gain extra lives every three experience levels.
You have a pair of small horns on your head.
You are partially covered in iridescent scales. (AC +2)
Potions are less effective at restoring your health.


Message History

The yellow draconian spits acid at you.
The glob of acid hits your lightning spire!
The acid splashes onto you! The acid corrodes you!
You are splashed with acid!
* * * LOW HITPOINT WARNING * * *
You feel less invigorated.
Your mana viper completely misses the yellow draconian.
Your lightning spire shoots out a bolt of lightning at the yellow draconian!
The bolt of electricity hits the yellow draconian!
Your mana viper closely misses the yellow draconian.
Your mana viper bites the yellow draconian!
The yellow draconian hits you with a +0 war axe!
* * * LOW HITPOINT WARNING * * *
The yellow draconian hits your mana viper with a +0 war axe.
The yellow draconian completely misses your lightning spire.
Unknown command.
You closely miss the yellow draconian.
The yellow draconian is moderately wounded.
Your mana viper bites the yellow draconian.
The yellow draconian misses you.
The yellow draconian hits your lightning spire with a +0 war axe.
The yellow draconian hits your mana viper with a +0 war axe.
Unknown command.
You scratch the yellow draconian but do no damage.
You headbutt the yellow draconian, but do no damage.
The yellow draconian is moderately wounded.
Your mana viper bites the yellow draconian!
You closely miss the yellow draconian.
The yellow draconian is heavily wounded.
Your mana viper barely misses the yellow draconian.
The yellow draconian completely misses you.
The yellow draconian hits your mana viper with a +0 war axe!!
The yellow draconian hits your lightning spire with a +0 war axe!
You scratch the yellow draconian but do no damage.
You headbutt the yellow draconian, but do no damage.
You claw the yellow draconian, but do no damage.
The yellow draconian is heavily wounded.
Your mana viper bites the yellow draconian.
The yellow draconian spits acid at you. The glob of acid hits you!!
You die...

.§.#. ......
...........
###
#.....#.#.. #
.##.3......#
#...........##
##.#.........
##......S.#..#
#.....8d.## .
##.###@.## ##
#..# #.## ###


You could see a yellow draconian (catching breath, ally target), a neqoxec, a
friendly mana viper (summoned) and a friendly lightning spire (summoned).

Vanquished Creatures
  Gastronok (D:8)
  Kirke (D:15)
  2 nagarajas (Snake:2)
  A deep elf elementalist (Elf:1)
  2 orc warlords
  A black draconian (Abyss:4)
  A minotaur (Gauntlet)
  A deep elf death mage (Elf:1)
  4 hydras
  2 anacondas (Snake:1)
  4 dancing weapons
  8 two-headed ogres
  A tengu warrior (D:14)
  5 centaur warriors
  A deep troll shaman (Lair:5)
  8 death yaks
  4 orc high priests
  3 naga sharpshooters
  Urug (D:10)
  A thrashing horror (Abyss:3)
  2 naga warriors (Snake:2)
  3 shock serpents
  A deep elf knight (Elf:1)
  Nergalle (Orc:2)
  A skyshark (Lair:4)
  A wretched star (Abyss:4)
  6 skeletal warriors
  A sea snake (shapeshifter) (D:15)
  A naga ritualist (Snake:2)
  A swamp dragon (Lair:3)
  A harpy (shapeshifter) (D:13)
  2 deep elf archers (Elf:1)
  4 orc knights
  Pikel (D:6)
  2 harpies (Lair:3)
  7 deep elf zephyrmancers
  12 deep elf pyromancers
  5 orc sorcerers
  2 salamanders (Snake:1)
  3 manticores
  5 elephants (Lair:5)
  4 cyclopes
  A guardian serpent (Snake:2)
  5 naga magi
  An ice statue (Gauntlet)
  2 starcursed masses
  An elephant (shapeshifter) (D:14)
  15 black mambas
  An orange demon (Lair:2)
  3 smoke demons
  A black mamba (shapeshifter) (Elf:1)
  A hellion (Abyss:5)
  4 rime drakes
  A torpor snail (Lair:2)
  A freezing wraith (Abyss:3)
  9 cane toads
  A komodo dragon (shapeshifter) (D:15)
  A minotaur zombie (Gauntlet)
  An efreet (Abyss:3)
  6 komodo dragons
  3 tengu conjurers
  An ancient zyme (Abyss:3)
  15 trolls
  A hornet (D:10)
  19 blink frogs
  Grinder (D:6)
  3 polar bears
  A large abomination (Abyss:3)
  12 dream sheep
  Sigmund (D:6)
  10 slime creatures
  A human (D:15)
  A wraith (D:12)
  57 yaks
  A golden eye (shapeshifter) (Elf:1)
  4 wyverns
  7 vampire mosquitoes
  A neqoxec (Abyss:3)
  2 steam dragons
  3 swamp worms (Lair:3)
  16 nagas
  4 wargs
  A hell hound (Volcano)
  15 water moccasins
  A naga skeleton (Abyss:3)
  A swamp drake (Lair:3)
  A sky beast (D:6)
  45 orc warriors
  2 ice beasts (D:7)
  7 ogres
  30 wolves
  3 boggarts (D:15)
  7 centaurs
  A phantom (D:4)
  A lemure (D:6)
  Blork the orc (D:4)
  2 kobold brigands (D:9)
  10 bullfrogs
  A gnoll sergeant (D:7)
  A small abomination (Abyss:3)
  6 wights
  4 killer bees (D:8)
  5 howler monkeys
  2 electric eels (D:9)
  22 orc priests
  A gnoll bouda (D:10)
  6 hounds
  5 jellies
  5 iguanas
  25 orc wizards
  8 adders
  4 gnolls (D:7)
  5 white imps
  An adder zombie (D:3)
  A worm (D:2)
  3 dart slugs
  96 orcs
  7 endoplasms
  3 giant cockroaches
  A hobgoblin (D:2)
  2 jackals (D:2)
  A quokka (D:1)
  9 ball pythons
  A ball python zombie (D:3)
  3 bats
  5 frilled lizards
  5 goblins
  11 kobolds
  2 quokka zombies (D:3)
  A rat (D:1)
  A fire vortex (Lair:3)
718 creatures vanquished.

Vanquished Creatures (collateral kills)
  The ghost of BONEBRO the Cleaver, a journeyman HOFi of Beogh (Lair:2)
  A catoblepas (Lair:5)
  2 hydras (D:14)
  2 dancing weapons
  An alligator (Lair:3)
  2 naga warriors (Snake:1)
  A death yak (Lair:5)
  3 thrashing horrors (Abyss:3)
  3 naga sharpshooters (Snake:2)
  3 shock serpents
  Amaemon (Lair:2)
  5 skeletal warriors
  A skyshark (Lair:4)
  A swamp dragon (Lair:3)
  A naga ritualist (Snake:1)
  A deep elf pyromancer (D:13)
  A wizard (D:15)
  3 mana vipers
  3 deep elf zephyrmancers (Elf:1)
  A spectral wolf spider (Gauntlet)
  An ugly thing (D:13)
  A manticore (D:14)
  An orc sorcerer (Elf:1)
  A worldbinder (Abyss:3)
  2 salamanders
  An ice statue (D:10)
  7 black mambas
  A smoke demon (Abyss:3)
  3 naga magi
  4 cane toads
  A gargoyle (D:11)
  A rime drake (Lair:5)
  An ice devil (Gauntlet)
  A minotaur zombie (Gauntlet)
  An ancient zyme (Abyss:4)
  A tyrant leech (Lair:3)
  2 raiju (Abyss:6)
  3 dream sheep
  A shadow (D:10)
  3 yaks (Lair:5)
  3 wraiths
  A hog (D:15)
  A basilisk (D:14)
  6 vampire mosquitoes
  9 nagas
  2 swamp worms (Lair:3)
  3 hell hounds (Volcano)
  A water moccasin (Lair:5)
  2 wolves (Lair:1)
  A centaur (Volcano)
  2 nameless horrors
  A killer bee (D:8)
  2 starcursed masses (Abyss:3)
108 creatures vanquished.

Vanquished Creatures (others)
  3 humans (D:15)
3 creatures vanquished.

Grand Total: 829 creatures vanquished

Notes
Turn   | Place    | Note
-------+----------+-------------------------------------------
     0 | D:1      | Gorgondantess the Felid Warper began the quest for the Orb.
     0 | D:1      | Reached XP level 1. HP: 9/9 MP: 4/4
   364 | D:1      | Reached XP level 2. HP: 12/13 MP: 6/6
   878 | D:2      | Learned a level 2 spell: Blink
  1144 | D:2      | Reached XP level 3. HP: 16/16 MP: 7/7
  1158 | D:2      | Learned a level 3 spell: Vhi's Electric Charge
  1244 | D:2      | Found a faded altar of an unknown god.
  1360 | D:2      | Gained mutation: Potions are less effective at restoring
                  | your health. [potion of mutation]
  1360 | D:2      | Gained mutation: You have a pair of small horns on your
                  | head. [potion of mutation]
  1360 | D:2      | Gained mutation: You are partially covered in iridescent
                  | scales. (AC +2) [potion of mutation]
  1366 | D:2      | Reached skill level 3 in Unarmed Combat
  2206 | D:3      | Found a glowing golden altar of the Shining One.
  2533 | D:3      | Found a basalt altar of Yredelemnul.
  2543 | D:3      | Reached XP level 4. HP: 19/19 MP: 8/8
  3049 | D:3      | Found a blossoming altar of Fedhas.
  3354 | D:4      | Noticed a phantom
  3365 | D:4      | Killed a phantom
  3366 | D:4      | Reached skill level 1 in Stealth
  3366 | D:4      | Reached skill level 4 in Unarmed Combat
  3366 | D:4      | Reached skill level 1 in Air Magic
  3366 | D:4      | Reached XP level 5. HP: 15/22 MP: 5/9
  3498 | D:4      | Noticed Blork the orc
  3506 | D:4      | Killed Blork the orc
  3981 | D:4      | Learned a level 3 spell: Mephitic Cloud
  4021 | D:5      | Entered Level 5 of the Dungeon
  4032 | D:5      | Reached skill level 5 in Unarmed Combat
  4044 | D:5      | Gained mutation: You are covered in thick fur. (AC +2)
                  | [Felid growth]
  4044 | D:5      | Reached XP level 6. HP: 22/27 MP: 6/10
  4139 | D:5      | Found a staircase to the Ecumenical Temple.
  4196 | D:4      | Reached skill level 5 in Dodging
  4649 | Temple   | Entered the Ecumenical Temple
  4905 | D:5      | Reached skill level 1 in Conjurations
  4918 | D:5      | Reached XP level 7. HP: 25/30 MP: 11/11
  5006 | D:5      | Found a shimmering blue altar of Sif Muna.
  5012 | D:5      | Became a worshipper of Sif Muna the Loreminder
  5144 | D:5      | Noticed a troll
  5428 | D:6      | Reached skill level 6 in Unarmed Combat
  5434 | D:6      | Noticed a steam dragon
  5786 | D:6      | Noticed Grinder
  5813 | D:6      | Killed Grinder
  5814 | D:6      | Reached skill level 1 in Poison Magic
  5817 | D:6      | Reached skill level 7 in Unarmed Combat
  5947 | D:6      | Reached XP level 8. HP: 34/34 MP: 6/12
  5951 | D:6      | Learned a level 3 spell: Volatile Blastmotes
  6207 | D:6      | Noticed Pikel
  6215 | D:6      | Noticed Sigmund
  6225 | D:6      | Reached skill level 5 in Translocations
  6225 | D:6      | Reached skill level 1 in Fire Magic
  6278 | D:6      | Killed Pikel
  6279 | D:6      | Reached skill level 8 in Unarmed Combat
  6372 | D:6      | Killed Sigmund
  7132 | D:5      | Killed a troll
  7133 | D:5      | Reached XP level 9. HP: 22/37 MP: 12/16
  7208 | D:5      | Found an opulent altar of Gozag.
  7494 | D:7      | Reached * piety under Sif Muna
  7814 | D:7      | Found a hazy altar of Hepliaklqana.
  7814 | D:7      | Found a broken altar of Ashenzari.
  8038 | D:7      | Reached skill level 1 in Invocations
  8417 | D:8      | Found a flagged portal.
  8423 | Bailey   | Entered a bailey
  8512 | Bailey   | Reached skill level 5 in Spellcasting
  8651 | Bailey   | Shot with a bolt by an orc
  8652 | Bailey   | Reached XP level 8. HP: 0/34 MP: 8/16
  8668 | Bailey   | Reached skill level 9 in Unarmed Combat
  8770 | Bailey   | Reached XP level 9. HP: 38/38 MP: 13/18
  8979 | Bailey   | Identified the +7 dagger of Offence {venom, +Blink rElec
                  | rF- Dex+4}
  8979 | Bailey   | Noticed an orc knight
  9103 | Bailey   | Killed an orc knight
  9196 | Bailey   | Identified the amulet of Igoytz {Spirit Drain Regen+ Int+3}
  9283 | D:8      | Found a sparkling altar of Nemelex Xobeh.
  9304 | D:8      | Reached skill level 5 in Stealth
  9465 | D:8      | Learned a level 2 spell: Poisonous Vapours
  9470 | D:8      | Learned a level 4 spell: Iskenderun's Mystic Blast
  9489 | D:8      | Reached ** piety under Sif Muna
  9751 | D:8      | Noticed Gastronok
 10105 | D:8      | Found a snail-covered altar of Cheibriados.
 10463 | D:9      | Noticed a troll
 10488 | D:9      | Killed a troll
 10489 | D:9      | Reached XP level 10. HP: 34/42 MP: 8/20
 10736 | D:9      | Reached skill level 10 in Unarmed Combat
 10959 | D:9      | Reached *** piety under Sif Muna
 11178 | D:9      | Found a staircase to the Lair.
 11316 | D:9      | Learned a level 3 spell: Call Canine Familiar
 11419 | D:10     | Entered Level 10 of the Dungeon
 11605 | D:10     | Noticed an ice statue
 11694 | D:10     | Found a sacrificial altar of Ru.
 11713 | D:10     | Noticed a two-headed ogre
 11725 | D:10     | Killed a two-headed ogre
 11915 | D:10     | Found a white marble altar of Elyvilon.
 11957 | D:10     | Found an ancient bone altar of Kikubaaqudgha.
 11989 | D:10     | Reached skill level 1 in Summonings
 12157 | D:10     | Reached skill level 5 in Fighting
 12258 | D:10     | Noticed Urug
 12391 | D:10     | Learned a level 2 spell: Passwall
 13491 | D:11     | Found a staircase to the Orcish Mines.
 13612 | D:11     | Noticed a two-headed ogre
 13624 | D:11     | Killed a two-headed ogre
 13625 | D:11     | Reached XP level 11. HP: 48/48 MP: 21/22
 14020 | D:11     | Reached skill level 1 in Transmutations
 14032 | D:11     | Reached skill level 1 in Earth Magic
 14364 | D:12     | Noticed a skeletal warrior
 14364 | D:12     | Noticed a skeletal warrior
 14420 | Orc:1    | Entered Level 1 of the Orcish Mines
 14471 | Orc:1    | Noticed an orc sorcerer
 14716 | Orc:1    | Killed an orc sorcerer
 14814 | Orc:1    | Found a bloodstained altar of Trog.
 14821 | Orc:1    | Reached **** piety under Sif Muna
 14827 | Orc:1    | Noticed an orc high priest
 14911 | Orc:1    | Reached skill level 5 in Invocations
 14919 | Orc:1    | Killed an orc high priest
 15120 | Orc:1    | Noticed a two-headed ogre
 15135 | Orc:1    | Killed a two-headed ogre
 15136 | Orc:1    | Reached skill level 11 in Unarmed Combat
 15630 | Orc:2    | Entered Level 2 of the Orcish Mines
 15632 | Orc:2    | Found a staircase to the Elven Halls.
 15921 | Orc:2    | Noticed an orc sorcerer
 15924 | Orc:2    | Noticed an orc knight
 15953 | Orc:2    | Killed an orc knight
 16027 | Orc:2    | Killed an orc sorcerer
 16229 | Orc:2    | Noticed an orc sorcerer
 16230 | Orc:2    | Noticed an orc warlord
 16231 | Orc:2    | Noticed a two-headed ogre
 16406 | Orc:2    | Killed an orc sorcerer
 17101 | Orc:1    | Killed an orc warlord
 17102 | Orc:1    | Gained mutation: Your thick and shaggy fur keeps you warm.
                  | (AC +3, rC+) [Felid growth]
 17102 | Orc:1    | Reached XP level 12. HP: 53/53 MP: 14/24
 17454 | Orc:2    | Killed a two-headed ogre
 17844 | Orc:2    | Noticed Nergalle
 17934 | Orc:2    | Killed Nergalle
 18100 | Orc:2    | Noticed an orc warlord
 18102 | Orc:2    | Noticed an orc high priest
 18366 | Orc:2    | Reached ***** piety under Sif Muna
 18645 | Orc:2    | Received a gift from Sif Muna
 18646 | Orc:2    | Got Sif Muna's Meditations on Electrocution {god gift}
 18816 | Orc:2    | Killed an orc warlord
 18839 | Orc:2    | Reached skill level 5 in Air Magic
 19078 | Orc:2    | Found Xucvaet's Antique Weapon Boutique.
 19467 | Orc:2    | Found Feaz's Antique Armour Boutique.
 19472 | Orc:2    | Killed an orc high priest
 19504 | Orc:2    | Found Midgh's General Store.
 19617 | Orc:2    | Found Ymas Siv's Book Boutique.
 19624 | Orc:2    | Bought a book of Weapons for 448 gold pieces
 19640 | Orc:2    | Bought a scroll of poison for 56 gold pieces
 19640 | Orc:2    | Bought a scroll of teleportation for 42 gold pieces
 19871 | Lair:1   | Entered Level 1 of the Lair of Beasts
 20573 | D:8      | Killed Gastronok
 20943 | D:10     | Killed Urug
 21458 | D:9      | Reached XP level 13. HP: 45/57 MP: 3/26
 21618 | D:9      | Reached skill level 12 in Unarmed Combat
 22811 | Lair:2   | Received a gift from Sif Muna
 22817 | Lair:2   | Got Sif Muna's Secrets of Gases {god gift}
 22821 | Lair:2   | Noticed Amaemon
 22855 | Lair:2   | Learned a level 4 spell: Summon Lightning Spire
 22884 | Lair:2   | Killed Amaemon
 23374 | Lair:2   | Found a runed translucent door.
 23375 | Lair:2   | Found a shimmering altar of Xom.
 23375 | Lair:2   | Noticed BONEBRO's ghost (journeyman HOFi)
 23809 | Lair:3   | Found a staircase to the Shoals.
 23814 | Lair:3   | Found a staircase to the Snake Pit.
 23854 | Lair:3   | Found a gate leading to a gauntlet.
 23866 | Gauntlet | Entered a Gauntlet
 23866 | Gauntlet | Found a transporter.
 23866 | Gauntlet | Found a transporter.
 23927 | Gauntlet | Found a transporter.
 23930 | Gauntlet | Found a transporter.
 23931 | Gauntlet | Found a transporter.
 23931 | Gauntlet | Found a transporter.
 23970 | Gauntlet | Found a transporter.
 23971 | Gauntlet | Found a transporter.
 23985 | Gauntlet | Found a transporter.
 23998 | Gauntlet | Found a transporter.
 24013 | Gauntlet | Found a transporter.
 24017 | Gauntlet | Found a transporter.
 24379 | Gauntlet | Learned a level 3 spell: Swiftness
 24661 | Gauntlet | Noticed a minotaur
 24676 | Gauntlet | Killed a minotaur
 24859 | Gauntlet | Identified the +1 robe of Anovomeu {-Tele Harm +Inv rF+++}
 24860 | Gauntlet | Got Ipuimyrr's Directory of Assembled Virulence
 26342 | Lair:3   | Reached skill level 10 in Spellcasting
 26348 | Lair:3   | Learned a level 5 spell: Summon Mana Viper
 26622 | Lair:3   | Reached skill level 1 in Hexes
 27213 | Lair:3   | Reached XP level 14. HP: 63/63 MP: 16/29
 27441 | Lair:3   | Reached skill level 5 in Summonings
 27621 | Lair:4   | Found a dark tunnel.
 27667 | Volcano  | Entered a volcano
 27832 | Volcano  | Reached skill level 13 in Unarmed Combat
 28150 | Lair:4   | Found a staircase to the Slime Pits.
 28151 | Lair:4   | Found a viscous altar of Jiyva.
 28365 | Lair:4   | Reached skill level 10 in Dodging
 29007 | Lair:5   | Entered Level 5 of the Lair of Beasts
 29296 | Lair:4   | Reached skill level 5 in Hexes
 29303 | Lair:4   | Reached skill level 10 in Translocations
 29588 | Lair:5   | Reached skill level 10 in Stealth
 31472 | Lair:5   | Identified the +7 arbalest of Havoc {drain, rC+++ rN+
                  | Int-3}
 31988 | D:11     | Received a gift from Sif Muna
 31999 | D:11     | Got Utozusch's Atlas of Friendly Hexes {god gift}
 32490 | D:12     | Reached XP level 15. HP: 61/67 MP: 10/30
 32641 | D:12     | Found a bloodstained altar of Trog.
 33050 | D:12     | You fall into a shaft and drop 3 floors!
 33050 | D:15     | Entered Level 15 of the Dungeon
 33813 | D:12     | Reached skill level 5 in Transmutations
 33931 | D:12     | Reached skill level 1 in Evocations
 34188 | D:13     | Found a gate to the Vaults.
 35165 | D:14     | Found a portal to a secret trove of treasure.
 35336 | D:14     | Found a hide-covered altar of Uskayaw.
 35559 | D:14     | Reached skill level 14 in Unarmed Combat
 36154 | D:15     | Noticed Kirke
 36182 | D:15     | Noticed a sphinx
 36210 | D:15     | Killed Kirke
 37269 | D:15     | Noticed Louise
 37642 | Lair:2   | Killed BONEBRO's ghost
 37678 | Shoals:1 | Entered Level 1 of the Shoals
 38106 | Snake:1  | Entered Level 1 of the Snake Pit
 38206 | Snake:1  | Received a gift from Sif Muna
 38644 | Snake:1  | Got Teph's Commentary on Violence {god gift}
 38826 | Snake:1  | Shot with a bolt by a naga sharpshooter
 38827 | Snake:1  | Reached XP level 14. HP: -5/64 MP: 0/29
 38987 | Snake:1  | Reached XP level 15. HP: 68/68 MP: 30/30
 39365 | Snake:1  | Learned a level 5 spell: Blade Hands
 39585 | Snake:1  | You fall into a shaft and drop 1 floor!
 40743 | Snake:2  | Found Avaocsaf's Weapon Boutique.
 41127 | Snake:2  | Received a gift from Sif Muna
 41410 | Snake:2  | Noticed a nagaraja
 41581 | Snake:2  | Killed a nagaraja
 41582 | Snake:2  | Reached skill level 10 in Fighting
 42018 | Snake:2  | Noticed a nagaraja
 42047 | Snake:2  | Killed a nagaraja
 42455 | Snake:2  | Found Avaocsaf's Weapon Boutique.
 42739 | Snake:2  | Killed from afar by a shock serpent
 42740 | Snake:2  | Reached XP level 14. HP: -11/66 MP: 0/30
 43236 | Elf:1    | Entered Level 1 of the Elven Halls
 43906 | Elf:1    | Found Akudes's Jewellery Emporium.
 44433 | Elf:1    | Identified a scroll of acquirement
 44581 | Elf:1    | Noticed a deep elf elementalist
 44606 | Elf:1    | Killed a deep elf elementalist
 44609 | Elf:1    | Reached XP level 15. HP: 68/70 MP: 21/31
 44631 | Abyss:3  | Cast into level 3 of the Abyss (a deep elf demonologist)
 44766 | Abyss:3  | Reached skill level 15 in Unarmed Combat
 44810 | Abyss:3  | Noticed a tentacled starspawn
 45002 | Abyss:3  | Reached skill level 10 in Hexes
 45009 | Abyss:3  | HP: 1/70 [manticore/volley of spikes[a worldbinder] (10)]
 45127 | Abyss:3  | Noticed a lich
 45417 | Abyss:5  | Noticed a tentacled starspawn
 45463 | Abyss:6  | Found a corrupted altar of Lugonu.
 45486 | Abyss:6  | Killed from afar by a yellow draconian

Illustrated notes

Levels and vault maps discovered:
D:1:      lemuel_arrival_tunnels, layout_loops_ring
D:2:      layout_basic, dreamdust_ecumenical_altar_hidden_monk_grotto,
          serial_co_window_serial, co_window_corner_a,
          co_window_of_opportunity_a, co_window_paths_a, co_window_cross_1,
          co_window_paths_a, co_window_broadway_a, co_window_broadway_c,
          co_window_corner_ca, co_window_corner_b, co_window_4corner_b
D:3:      layout_loops_ring, fedhas_altar_4, old_standard_altar,
          nicolae_yredelemnul_corpse_copse, chequers_avenue, saegor_snake_ambush
D:4:      layout_loops_cross, uniq_blork_the_orc
D:5:      layout_loops_ring, marbit_many_paths, led_sif_pool,
          minmay_temple_entry_proselytizer
D:6:      layout_loops_corners, minmay_checkerbox, uniq_sigmund, uniq_grinder,
          uniq_pikel
D:7:      layout_rooms, chequers_temple_overflow_statue_of_worship,
          serial_bayou_pond_e
D:8:      layout_gridville, mainiacjoe_overflow_cross_hatched,
          amcnicky_altar_gilded, enter_bailey_2, uniq_gastronok
D:9:      layout_roguey, erik_lair_island
D:10:     layout_stronghold, mainiacjoe_overflow_alcove_2,
          nicolae_ru_sacrificial_ziggurat, mainiacjoe_overflow_catwalk,
          minivault_16, kennysheep_opposing_triangles, uniq_urug
D:11:     layout_grid_maze, orc_0_dummy
D:12:     layout_rooms, bloody_trog
D:13:     layout_rooms, erik_vaults_1
D:14:     minmay_opposing_rooms, layout_basic, enter_trove_0,
          nicolae_uskayaw_dance_hall
D:15:     gammafunk_enter_depths_forms, layout_loops_ring, serial_park_tiny_1,
          roderic_roman_lattice, serial_park_tiny_pond, uniq_kirke, uniq_louise
Temple:   nicolae_temple_bog_church
Lair:1:   layout_hall_layers
Lair:2:   layout_regular_city, ebering_ghost_xom, lemuel_fruit_tree,
          uniq_amaemon
Lair:3:   onia_ninara_swampy_vault, layout_gridlike, elwin_shoals_entry_rocks,
          guppyfry_snake_entry_garden, gauntlet_entry_generic,
          grunt_forest_stairs_basic
Lair:4:   layout_regular_city, nicolae_slime_entry_slimehenge, enter_volcano_1,
          st_stairs_13
Lair:5:   grunt_lair_end_beastmaster, layout_loops_ring, grunt_megastairs_3,
          infiniplex_staircase_pool
Shoals:1: layout_shoals, nicolae_shoals_seven_spires,
          nicolae_shop_overcharged_wands, uniq_jorgrun
Snake:1:  layout_rooms
Snake:2:  layout_chambers, minmay_shop_star
Orc:1:    layout_caves, basic_altar, serial_shops
Orc:2:    grunt_orc_cross, layout_caves
Elf:1:    nicolae_elf_arrival_no_cutting_in_line, layout_loops_corners,
          serial_shops, nicolae_shop_gaudy_bauble, hangedman_corner_corridor,
          minmay_crystal_room, uniq_zenata
Abyss:6:  base: Orc:2, evilmike_abyss_exit_9,
          due_evilmike_abyss_rune_seething_liches, spicy_abyss_planar_alliance,
          grunt_abyss_rune_forest_and_sorcery

Skill      XL: |  1  2  3  4  5  6  7  8  9 10 11 12 13 14 15 |
---------------+----------------------------------------------+-----
Dodging        | 4 5 6 7 8 9 11 12 | 12.2
Unarmed Combat | 3 4 5 7 9 10 11 12 13 15 | 15.2
Stealth        | 1 2 4 5 6 7 8 12 11 | 12.3
Air Magic      | 1 2 3 4 5 6 |  6.3
Conjurations   | 1 2 3 4 |  4.5
Poison Magic   | 1 |  1.0
Translocations | 5 7 8 9 10 11 | 11.8
Fire Magic     | 1 |  1.8
Spellcasting   | 4 6 7 8 10 11 | 11.0
Invocations    | 2 3 4 5 7 |  7.9
Fighting       | 4 5 6 7 8 10 | 10.6
Summonings     | 1 2 3 4 7 8 |  8.8
Transmutations | 1 3 4 7 |  7.9
Earth Magic    | 1 |  1.0
Hexes          | 1 7 10 | 10.1
Evocations     | 3 |  3.5

Action                     |  1- 3 |  4- 6 |  7- 9 | 10-12 | 13-15 || total
---------------------------+-------+-------+-------+-------+-------++-------
  Melee: Unarmed           |   154 |   132 |   318 |   609 |  1171 ||  2384
         Bite              |    10 |    17 |    45 |    92 |   205 ||   369
         Punch             |     1 |     8 |    19 |    62 |   155 ||   245
         Headbutt          |     9 |    27 |    81 |   170 |   329 ||   616
   Cast: Blink             |     2 |       |     1 |    12 |    37 ||    52
         Vhi's Electric Ch |     1 |     5 |    15 |    35 |    44 ||   100
         Mephitic Cloud    |       |       |    40 |    95 |   107 ||   242
         Volatile Blastmot |       |       |    23 |    50 |    89 ||   162
         Poisonous Vapours |       |       |    18 |   111 |    94 ||   223
         Iskenderun's Myst |       |       |     1 |    18 |    70 ||    89
         Call Canine Famil |       |       |       |    21 |    12 ||    33
         Passwall          |       |       |       |     1 |    10 ||    11
         Summon Lightning  |       |       |       |       |    71 ||    71
         Swiftness         |       |       |       |       |     1 ||     1
         Summon Mana Viper |       |       |       |       |    84 ||    84
         Blade Hands       |       |       |       |       |    20 ||    20
 Invoke: Channel Magic     |       |       |       |     1 |     2 ||     3
         Forget Spell      |       |       |       |       |     1 ||     1
Ability: End Transformatio |       |       |       |       |     1 ||     1
  Evoke: Wand              |       |       |     1 |     1 |     4 ||     6
    Use: Scroll            |     3 |       |     4 |     2 |    30 ||    39
         Potion            |     1 |       |       |     2 |     7 ||    10
   Stab: Sleeping          |     2 |     2 |       |     2 |    37 ||    43
         Distracted        |     1 |       |       |     3 |    11 ||    15
         Confused          |       |       |    15 |    46 |    68 ||   129
         Invisible         |       |       |       |       |     2 ||     2
 Armour: Skin              |     7 |    15 |    18 |    29 |    85 ||   154
  Dodge: Dodged            |   125 |    82 |   252 |   465 |  1111 ||  2035
